AoeStats
← Pepin_Pistolin

Arena

509482388Analyzed
3v3 RM · 4d ago on Sep 26, 2026· 97m 57s· 6 players
Game mode
Random Map
Map size
Normal (6 player)
Population
200
Speed
Normal
Resources
Standard
Victory
Conquest
Starting age
Dark Age
Ending age
Imperial Age
RankedLock teamsTeams togetherTeam positionsShared explorationLock speedFull tech treeHidden civsTurbo modeCheats
Victory
Defeat
🇦🇷 Chinese · Argentina
752
+13
🇩🇪 Inca · Germany
725
+14
🇦🇷 Byzantines · Argentina
632
+18
🇺🇸 Saxons · United States
884
-23
🇺🇸 Danes · United States
609
-12
🇺🇸 Celts · United States
558
-10
Pepin_Pistolin
10:50 Feudal Age
11:30 Double-Bit Axe
11:45 Champi Runner
16:17 Wheelbarrow
20:31 Castle Age
20:22 Horse Collar
20:37 Gold Mining
20:42 Stone Mining
26:42 Loom
27:15 Hand Cart
26:48 Town Watch
29:12 Town Patrol
30:07 Champi Warrior
31:00 Forging
32:14 Scale Mail Armor
32:52 Iron Casting
35:29 Chain Mail Armor
35:17 Padded Archer Armor
35:21 Heavy Plow
35:36 Bow Saw
36:05 Gold Shaft Mining
36:48 Fletching
37:14 Leather Archer Armor
38:07 Stone Shaft Mining
39:37 Murder Holes
45:22 Imperial Age
44:03 Ballistics
43:54 Fortified Wall
43:41 Bodkin Arrow
46:10 Elite Champi Warrior
50:18 Thumb Ring
50:28 Fabric Shields
55:26 Blast Furnace
54:57 Plate Mail Armor
54:27 Bracer
57:57 Caravan
59:07 Ring Archer Armor
58:18 Onager
60:59 Capped Ram
62:33 Elite Kamayuk
62:43 Elite Kamayuk
66:15 Andean Sling
67:27 Coinage
81:40 Banking
81:24 Guilds
MAS29
12:31 Feudal Age
13:14 Double-Bit Axe
18:36 Castle Age
18:42 Pikeman
19:22 Squires
21:49 Wheelbarrow
22:18 Scale Mail Armor
22:31 Treadmill Crane
24:50 Chain Mail Armor
24:34 Loom
25:19 Fortified Wall
25:34 Ballistics
29:47 Murder Holes
30:38 Arson
32:46 Bow Saw
32:52 Crossbowman
33:37 Thumb Ring
34:57 Fletching
35:07 Padded Archer Armor
35:12 Husbandry
38:12 Leather Archer Armor
39:54 Greek Fire
40:54 Bodkin Arrow
41:11 Forging
42:42 Scale Barding Armor
43:14 Iron Casting
51:07 Guard Tower
54:20 Imperial Age
54:39 Cavalier
55:16 Onager
56:11 Paladin
59:29 Chain Barding Armor
64:11 Keep
65:36 Light Cavalry
67:40 Plate Barding Armor
71:00 Hussar
79:27 Capped Ram
92:26 Chemistry
96:23 Hoardings
munileven
0:26 Loom
10:10 Feudal Age
14:13 Castle Age
13:22 Double-Bit Axe
13:22 Horse Collar
21:15 Heavy Plow
22:04 Bow Saw
24:38 Gold Mining
24:38 Stone Mining
27:12 Crossbowman
31:11 Imperial Age
28:43 Fletching
28:53 Padded Archer Armor
29:33 Coinage
30:33 Gold Shaft Mining
30:34 Stone Shaft Mining
30:46 Wheelbarrow
29:56 Town Watch
30:32 Thumb Ring
31:52 Hand Cart
31:39 Bodkin Arrow
32:07 Leather Archer Armor
34:47 Conscription
36:28 Two-Man Saw
36:24 Elite Chu Ko Nu
36:34 Arbalester
39:21 Town Patrol
39:41 Bracer
40:11 Ring Archer Armor
40:48 Chemistry
40:09 Ballistics
39:45 Murder Holes
40:01 Masonry
40:05 Fortified Wall
75:22 Bloodlines
75:14 Husbandry
74:35 Cavalier
76:39 Scale Barding Armor
76:45 Forging
80:51 Banking
92:42 Heavy Rocket Cart
Tepisooo
10:43 Feudal Age
12:18 Double-Bit Axe
18:23 Castle Age
19:22 Horse Collar
26:27 Scale Mail Armor
28:23 Bow Saw
29:09 Gold Mining
30:23 Forging
30:29 Chain Mail Armor
31:22 Wheelbarrow
31:21 Squires
31:07 Gambesons
31:08 Arson
32:27 Iron Casting
31:54 Padded Archer Armor
31:45 Fletching
33:25 Gold Shaft Mining
37:22 Imperial Age
35:31 Hand Cart
39:02 Plate Mail Armor
39:32 Blast Furnace
38:29 Bodkin Arrow
41:14 Cranequins
42:01 Thumb Ring
42:08 Elite Varangian Guard
43:49 Heavy Scorpion
44:52 Leather Archer Armor
44:38 Bracer
44:39 Heavy Mounted Crossbowman
52:37 Ring Archer Armor
54:14 Elite Jomsviking
56:02 Man-at-Arms
56:09 Pikeman
57:36 Caravan
58:07 Coinage
60:30 Onager
64:49 Banking
65:52 Halberdier
68:36 Siege Onager
77:27 Bracer
77:10 Northmen's Fury
79:55 Chemistry
79:16 Ballistics
93:54 Long Swordsman
tarhaney
11:36 Feudal Age
12:26 Double-Bit Axe
19:40 Castle Age
18:35 Scale Mail Armor
18:46 Forging
18:10 Man-at-Arms
22:38 Wheelbarrow
28:54 Imperial Age
28:09 Hand Cart
28:39 Iron Casting
27:47 Crossbowman
30:35 Bow Saw
30:08 Arbalester
30:17 Long Swordsman
30:43 Gambesons
30:46 Arson
31:07 Squires
32:44 Town Watch
32:25 Pikeman
32:27 Two-Handed Swordsman
33:18 Thumb Ring
32:45 Capped Ram
33:22 Halberdier
34:35 Elite Varangian Guard
38:09 Chain Mail Armor
37:47 Fletching
37:59 Padded Archer Armor
37:45 Champion
39:31 Shield Wall
41:22 Onager
44:50 Siege Ram
52:14 Fortified Wall
90:58 Caravan
93:46 Conscription
K1NGlogman
8:33 Loom
10:22 Feudal Age
10:55 Double-Bit Axe
17:08 Horse Collar
19:13 Loom
21:46 Castle Age
20:05 Gold Mining
20:18 Stone Mining
23:02 Wheelbarrow
22:37 Pikeman
24:20 Man-at-Arms
24:47 Gambesons
27:14 Bow Saw
27:05 Long Swordsman
28:39 Hand Cart
30:50 Gold Shaft Mining
30:50 Stone Shaft Mining
32:37 Heavy Plow
40:33 Imperial Age
43:31 Onager
43:44 Halberdier
45:31 Furor Celtica
44:46 Elite Woad Raider
45:40 Furor Celtica
45:24 Stronghold
45:32 Siege Onager
57:23 Scale Mail Armor
57:35 Forging
59:16 Chain Mail Armor
59:40 Iron Casting
60:28 Plate Mail Armor
61:44 Blast Furnace
60:51 Padded Archer Armor
92:45 Arson
94:13 Two-Handed Swordsman
Connection lost

Rejoining the realm…

Still unreachable

The connection could not be restored.

Session expired

The server has moved on; the page needs a fresh start.